[Event "42nd Olympiad Baku 2016 Open"]
[Site "Baku"]
[Date "2016.09.02"]
[Round "1.11"]
[White "Lau, Lut Yin Luke"]
[Black "Ameir, Moheb"]
[Result "0-1"]
[ECO "B44"]
[WhiteElo "1994"]
[BlackElo "2431"]
[PlyCount "80"]
[EventDate "2016.??.??"]
[EventCountry "AZE"]
[WhiteTeam "Hongkong"]
[BlackTeam "Ägypten"]
[WhiteTeamCountry "HKG"]
[BlackTeamCountry "EGY"]
[TimeControl "40/5400+30:1800+30"]
[WhiteClock "0:33:03"]
[BlackClock "1:20:31"]

1. e4 {(00:00} c5 {(00:00} 2. Nf3 {(00:00} e6 {(
00:00} 3. d4 {(00:22} cxd4 {(00:00} 4. Nxd4 {(00:07}
Nc6 {(00:02} 5. Nb5 {(04:50} d6 {(00:21} 6. c4 {
(00:55} a6 {(02:48} 7. N5c3 {(05:14} Nf6 {(01:
10} 8. Be2 {(03:56} Be7 {(01:59} 9. O-O {(02:09} O-O {
(01:29} 10. Be3 {(04:31} b6 {(01:17} 11. f3 {(
14:36} Bb7 {(04:04} 12. Na3 {(09:23} Rb8 {(07:04} 13.
Nc2 {(09:50} Re8 {(00:49} 14. Qe1 {(06:15} Ne5 {
(05:36} 15. Qf2 {(02:30} Ba8 {(01:21} 16. Rac1 {
(21:36} Qc7 {(03:02} 17. Nd4 {(02:19} Qb7 {(01:
28} 18. Rfd1 {(03:32} Rbc8 {(01:48} 19. b3 {(00:42} d5
{(03:01} 20. cxd5 {(04:24} Bb4 {(04:45} 21. Nc6 {
(02:44} Bxc3 {(01:19} 22. Rxc3 {(00:13} Neg4 {(
00:40} 23. fxg4 {(00:43} Nxe4 {(00:02} 24. Qe1 {(00:35]
} Nxc3 {(00:23} 25. Qxc3 {(00:21} exd5 {(00:14} 26. Qd4
{(00:40} Qxc6 {(01:18} 27. Bxa6 {(00:27} Re4 {(
03:01} 28. Qxb6 {(00:34} Rxe3 {(02:55} 29. Qxe3 {(00:
28} Qxa6 {(00:01} 30. Re1 {(00:27} h6 {(01:24} 31. Qd2
{(00:32} d4 {(00:14} 32. a4 {(00:32} d3 {(01:05]
} 33. Re3 {(00:31} Rc2 {(02:04} 34. Qxd3 {(00:26} Rxg2+
{(00:15} 35. Kf1 {(00:01} Qf6+ {(00:45} 36. Qf5 {
(00:08} Qa1+ {(00:33} 37. Re1 {(00:07} Rg1+ {(
00:12} 38. Kxg1 {(00:04} Qxe1+ {(00:06} 39. Qf1 {(00:
05} Qe3+ {(00:09} 40. Qf2 {(00:00} Qxb3 {(00:00} 0-1

[Event "42nd Olympiad Baku 2016 Open"]
[Site "Baku"]
[Date "2016.09.02"]
[Round "1.20"]
[White "Lazov, Toni"]
[Black "Su, Haifeng"]
[Result "1-0"]
[ECO "B12"]
[WhiteElo "2288"]
[BlackElo "1800"]
[PlyCount "41"]
[EventDate "2016.??.??"]
[EventCountry "AZE"]
[WhiteTeam "Mazedonien"]
[BlackTeam "Guyana"]
[WhiteTeamCountry "MKD"]
[BlackTeamCountry "GUY"]
[TimeControl "40/5400+30:1800+30"]
[WhiteClock "0:24:01"]
[BlackClock "0:20:42"]

1. e4 {(00:00} c6 {(00:00} 2. d4 {(00:00} d5 {(
00:00} 3. e5 {(00:16} Bf5 {(00:04} 4. Nd2 {(01:13} e6
{(01:05} 5. Nb3 {(00:09} Nd7 {(00:18} 6. Nf3 {(
00:08} Ne7 {(00:24} 7. Be2 {(01:21} Nc8 {(00:53} 8.
O-O {(01:37} Be7 {(00:26} 9. Ne1 {(07:16} O-O {(
00:13} 10. Nd3 {(12:38} Ncb6 {(06:39} 11. g4 {(03:14}
Bxd3 {(07:33} 12. cxd3 {(10:20} f6 {(32:28} 13. f4 {
(04:11} g5 {(13:06} 14. f5 {(15:30} fxe5 {(00:
37} 15. fxe6 {(00:36} Rxf1+ {(00:08} 16. Qxf1 {(00:19}
Nf8 {(02:08} 17. Qf7+ {(02:11} Kh8 {(00:01} 18. dxe5 {
(07:48} Ng6 {(10:20} 19. d4 {(05:21} Qc7 {(02:
46} 20. Bxg5 {(01:51} Rf8 {(00:09} 21. Bf6+ 1-0

[Event "42nd Olympiad Baku 2016 Open"]
[Site "Baku"]
[Date "2016.09.02"]
[Round "1.18"]
[White "Lenic, Luka"]
[Black "Al Moshaiti, Khalil"]
[Result "1-0"]
[ECO "D30"]
[WhiteElo "2622"]
[BlackElo "2053"]
[PlyCount "60"]
[EventDate "2016.??.??"]
[EventCountry "AZE"]
[WhiteTeam "Slowenien"]
[BlackTeam "Libyen"]
[WhiteTeamCountry "SLO"]
[BlackTeamCountry "LBY"]
[TimeControl "40/5400+30:1800+30"]
[WhiteClock "0:31:02"]
[BlackClock "0:00:31"]

1. d4 {(00:00} d5 {(00:00} 2. Nf3 {(00:00} Nf6 {
(00:15} 3. c4 {(00:01} c6 {(00:40} 4. Nbd2 {(01:
08} e6 {(01:34} 5. e3 {(00:11} Nbd7 {(00:58} 6. Bd3 {
(00:09} Be7 {(01:49} 7. O-O {(01:09} O-O {(00:
40} 8. Qe2 {(02:19} b6 {(03:44} 9. e4 {(07:09} dxe4 {
(02:07} 10. Nxe4 {(00:07} Bb7 {(05:25} 11. Rd1 {
(03:41} Qc8 {(13:57} 12. Nxf6+ {(03:22} Nxf6 {(
01:55} 13. Bg5 {(00:51} Re8 {(04:12} 14. c5 {(03:42}
h6 {(09:27} 15. Be3 {(06:53} Nd5 {(10:14} 16. Rac1 {
(01:48} Nxe3 {(08:37} 17. Qxe3 {(00:11} Ba6 {(
03:11} 18. Be4 {(05:05} bxc5 {(05:05} 19. Ne5 {(01:12}
Bb7 {(07:01} 20. dxc5 {(00:26} Rd8 {(04:28} 21. Qf3 {
(09:26} Bf6 {(02:25} 22. Bxc6 {(14:09} Bxc6 {(
00:37} 23. Nxc6 {(00:35} Rxd1+ {(05:20} 24. Rxd1 {(00:
06} a5 {(02:06} 25. b3 {(03:28} Kh8 {(03:54} 26. g3 {
(00:57} Ra6 {(01:16} 27. Rd6 {(01:52} Qb7 {(01:
56} 28. Kg2 {(01:07} Kh7 {(00:35} 29. h4 {(01:57} g6 {
(00:31} 30. h5 {(00:57} Bg7 1-0

[Event "42nd Olympiad Baku 2016 Open"]
[Site "Baku"]
[Date "2016.09.02"]
[Round "1.10"]
[White "Lesiege, Alexandre"]
[Black "Colindres, Daniel"]
[Result "1-0"]
[ECO "E62"]
[WhiteElo "2497"]
[BlackElo "2166"]
[PlyCount "73"]
[EventDate "2016.??.??"]
[EventCountry "AZE"]
[WhiteTeam "Kanada"]
[BlackTeam "Honduras"]
[WhiteTeamCountry "CAN"]
[BlackTeamCountry "HON"]
[TimeControl "40/5400+30:1800+30"]
[WhiteClock "0:04:09"]
[BlackClock "0:02:30"]

1. d4 {(02:29} Nf6 {(00:00} 2. c4 {(00:06} g6 {(
00:00} 3. Nf3 {(00:03} Bg7 {(00:00} 4. g3 {(00:04} O-O
{(01:10} 5. Bg2 {(00:04} d6 {(00:22} 6. O-O {(
00:07} Nc6 {(01:21} 7. Nc3 {(00:20} Bg4 {(00:20} 8. d5
{(00:23} Bxf3 {(01:54} 9. exf3 {(00:23} Ne5 {(
06:38} 10. b3 {(01:02} Nfd7 {(03:38} 11. Qc2 {(08:14}
Nc5 {(13:46} 12. Ba3 {(02:46} a5 {(07:45} 13. Bxc5 {
(01:21} dxc5 {(00:06} 14. f4 {(03:12} Nd7 {(00:
47} 15. Rae1 {(09:29} Nb6 {(01:22} 16. Ne4 {(08:13}
Bd4 {(00:23} 17. a4 {(04:44} Nc8 {(00:57} 18. Ng5 {
(02:54} Nd6 {(00:47} 19. h4 {(00:45} Bf6 {(05:
07} 20. Bh3 {(09:25} Ra6 {(06:48} 21. Nf3 {(05:11} c6
{(03:30} 22. Ne5 {(00:42} Re8 {(06:26} 23. Rd1 {
(14:07} Qc7 {(03:53} 24. Rfe1 {(02:24} Rd8 {(00:
35} 25. h5 {(00:39} Kg7 {(02:11} 26. g4 {(06:57} g5 {
(02:32} 27. fxg5 {(04:08} Bxg5 {(02:15} 28. Nf3 {
(00:09} Bf4 {(00:36} 29. g5 {(02:32} Rg8 {(02:
16} 30. Kh1 {(00:31} cxd5 {(07:41} 31. cxd5 {(00:04}
Rb6 {(03:25} 32. Re2 {(04:16} Kf8 {(11:47} 33. Rde1 {
(01:32} Nc8 {(02:42} 34. Qxh7 {(01:51} Bxg5 {(
00:11} 35. Ne5 {(02:50} Rg7 {(01:02} 36. Qh8+ {(00:06}
Rg8 {(01:17} 37. Nd7+ {(00:18} 1-0

[Event "42nd Olympiad Baku 2016 Open"]
[Site "Baku"]
[Date "2016.09.02"]
[Round "1.1"]
[White "Li, Hui"]
[Black "Gundavaa, Bayarsaikhan"]
[Result "1/2-1/2"]
[ECO "B92"]
[WhiteElo "1964"]
[BlackElo "2492"]
[PlyCount "68"]
[EventDate "2016.??.??"]
[EventCountry "AZE"]
[WhiteTeam "Macau"]
[BlackTeam "Mongolei"]
[WhiteTeamCountry "MAC"]
[BlackTeamCountry "MGL"]
[TimeControl "40/5400+30:1800+30"]
[WhiteClock "0:01:45"]
[BlackClock "0:14:43"]

1. e4 {(00:00} c5 {(00:22} 2. Nf3 {(04:23} d6 {(
00:37} 3. d4 {(02:28} cxd4 {(00:16} 4. Nxd4 {(00:07}
Nf6 {(00:05} 5. Nc3 {(00:03} a6 {(00:07} 6. Be2 {
(00:38} e5 {(01:20} 7. Nb3 {(00:25} Be7 {(00:06]
} 8. Bg5 {(16:14} Nbd7 {(01:28} 9. O-O {(10:01} b5 {
(11:25} 10. Bxf6 {(17:49} Nxf6 {(00:35} 11. a4 {
(06:22} b4 {(04:20} 12. Nd5 {(01:43} Nxd5 {(04:
37} 13. Qxd5 {(00:59} Be6 {(03:48} 14. Qc6+ {(12:03}
Bd7 {(00:15} 15. Qb7 {(01:58} Qc8 {(04:03} 16. Qxc8+ {
(04:08} Bxc8 {(00:23} 17. c4 {(07:02} Be6 {(05:
30} 18. Nd2 {(03:11} Bg5 {(06:02} 19. Nf3 {(00:55} Bf6
{(04:25} 20. b3 {(00:24} a5 {(01:19} 21. Rfd1 {(
01:03} Ke7 {(00:18} 22. Ne1 {(04:33} Bg5 {(00:53} 23.
Nf3 {(00:25} Bf6 {(00:37} 24. Ne1 {(00:05} Rac8 {
(00:17} 25. h3 {(00:50} h5 {(11:21} 26. Rd3 {(
00:54} Bg5 {(03:34} 27. Rad1 {(00:16} Rc6 {(00:42} 28.
Nf3 {(02:23} Bh6 {(00:21} 29. Nh2 {(00:41} g6 {(
06:37} 30. Bf3 {(01:32} Ra6 {(01:36} 31. Nf1 {(00:51}
f5 {(00:23} 32. Ne3 {(00:35} Bg5 {(07:16} 33. Nd5+ {
(00:12} Bxd5 {(06:56} 34. Rxd5 {(00:02} Ke6 {(
00:23} 1/2-1/2

[Event "42nd Olympiad Baku 2016 Open"]
[Site "Baku"]
[Date "2016.09.02"]
[Round "1.33"]
[White "Li Ying, Patrick"]
[Black "Utegaliyev, Azamat"]
[Result "0-1"]
[ECO "A46"]
[WhiteElo "2131"]
[BlackElo "2513"]
[PlyCount "134"]
[EventDate "2016.??.??"]
[EventCountry "AZE"]
[WhiteTeam "Mauritius"]
[BlackTeam "Kasachstan"]
[WhiteTeamCountry "MRI"]
[BlackTeamCountry "KAZ"]
[TimeControl "40/5400+30:1800+30"]
[WhiteClock "0:14:08"]
[BlackClock "0:02:36"]

1. d4 {(00:00} Nf6 {(00:00} 2. Nf3 {(00:00} e6 {
(00:33} 3. Bf4 {(00:00} b6 {(02:12} 4. e3 {(00:
00} Bb7 {(00:12} 5. Be2 {(00:04} Be7 {(05:11} 6. h3 {
(00:06} O-O {(00:12} 7. O-O {(00:05} c5 {(00:41]
} 8. c3 {(00:31} Nc6 {(01:03} 9. Nbd2 {(00:09} d5 {
(00:16} 10. Bd3 {(03:19} Bd6 {(01:53} 11. Ne5 {(
13:35} Bxe5 {(04:27} 12. Bxe5 {(00:24} Nxe5 {(01:38}
13. dxe5 {(00:06} Nd7 {(00:23} 14. f4 {(02:52} Qe7 {
(01:59} 15. Qh5 {(02:18} g6 {(08:58} 16. Qg4 {(
09:38} f6 {(01:44} 17. exf6 {(05:42} Rxf6 {(09:14} 18.
Nf3 {(02:27} Raf8 {(03:19} 19. h4 {(08:33} e5 {(
05:58} 20. Bb5 {(00:12} e4 {(01:41} 21. Ng5 {(05:03}
Nb8 {(07:22} 22. Rad1 {(00:33} h6 {(04:50} 23. Nh3 {
(00:24} Qg7 {(08:07} 24. Rf2 {(04:14} Bc8 {(02:
04} 25. Qg3 {(00:04} Be6 {(00:15} 26. Be2 {(01:34} Nc6
{(00:35} 27. Bg4 {(00:11} Ne7 {(00:40} 28. Bxe6+ {
(00:57} Rxe6 {(00:04} 29. Rfd2 {(00:22} d4 {(14:
53} 30. cxd4 {(06:33} cxd4 {(01:25} 31. exd4 {(01:27}
Nd5 {(00:27} 32. Re2 {(02:08} Kh7 {(01:45} 33. Qb3 {
(10:32} Qd7 {(03:18} 34. h5 {(04:43} gxh5 {(01:
16} 35. Qc2 {(00:24} Kh8 {(02:59} 36. Rf1 {(03:56} Qg7
{(01:22} 37. Qc4 {(00:43} Rd8 {(02:55} 38. f5 {(
00:25} Ree8 {(00:26} 39. Nf4 {(00:39} Nxf4 {(01:52}
40. Rxf4 {(00:00} Rxd4 {(00:00} 41. Qc6 {(00:31} Rg8 {
(05:54} 42. Qg6 {(04:14} Qxg6 {(23:05} 43. fxg6 {
(00:06} Kg7 {(00:39} 44. Rfxe4 {(03:14} Rxe4 {(
00:08} 45. Rxe4 {(00:15} Kf6 {(00:02} 46. Ra4 {(00:51}
Rg7 {(00:12} 47. Kh2 {(01:17} Kxg6 {(00:16} 48. Rd4 {
(00:18} Rf7 {(01:33} 49. Kg3 {(00:26} Kg5 {(00:
39} 50. Rd5+ {(00:13} Kg6 {(03:01} 51. a4 {(01:39} h4+
{(00:49} 52. Kg4 Rf2 {(01:00} 53. Rd6+ {(01:15} Kf7 {
(00:15} 54. Rd7+ {(00:20} Ke6 {(00:31} 55. Rxa7 {
(00:13} Rxg2+ {(00:07} 56. Kxh4 {(00:06} Rxb2 {(
00:03} 57. Ra6 {(00:10} Kd5 {(00:12} 58. Kh5 {(04:00}
Rh2+ {(00:19} 59. Kg4 {(00:12} Kc5 {(00:01} 60. a5 {
(00:46} b5 {(00:09} 61. Ra8 {(00:14} Ra2 {(01:
52} 62. Kh5 {(08:18} Kb4 {(00:23} 63. a6 {(00:28} Ra5
{(00:31} 64. Kg4 {(12:33} Ka3 {(00:40} 65. Kf4 {
(00:47} b4 {(00:07} 66. Ke3 {(01:03} b3 {(00:05]
} 67. Kd3 {(01:00} b2 {(00:12} 0-1

[Event "42nd Olympiad Baku 2016 Open"]
[Site "Baku"]
[Date "2016.09.02"]
[Round "1.1"]
[White "Lodhi, Mahmood"]
[Black "Kovalenko, Igor"]
[Result "1/2-1/2"]
[ECO "A49"]
[WhiteElo "2334"]
[BlackElo "2651"]
[PlyCount "122"]
[EventDate "2016.??.??"]
[EventCountry "AZE"]
[WhiteTeam "Pakistan"]
[BlackTeam "Lettland"]
[WhiteTeamCountry "PAK"]
[BlackTeamCountry "LAT"]
[TimeControl "40/5400+30:1800+30"]
[WhiteClock "0:09:47"]
[BlackClock "0:21:07"]

1. d4 {(00:00} Nf6 {(00:00} 2. Nf3 {(00:00} g6 {
(00:01} 3. g3 {(00:00} c5 {(00:06} 4. Bg2 {(00:
46} Bg7 {(00:06} 5. O-O {(00:07} cxd4 {(01:32} 6. Nxd4
{(00:09} O-O {(00:04} 7. c4 {(00:09} Qc7 {(00:
48} 8. b3 {(01:10} Nc6 {(00:49} 9. Bb2 {(00:13} d6 {
(00:03} 10. Nc3 {(00:41} Bd7 {(00:22} 11. Rc1 {(
01:38} Qa5 {(01:40} 12. e3 {(06:42} Rfc8 {(00:33} 13.
Qe2 {(02:49} Rab8 {(00:08} 14. Rfd1 {(01:58} a6 {
(02:37} 15. a3 {(01:38} Qd8 {(01:52} 16. h3 {(
01:58} Na5 {(03:07} 17. Qc2 {(04:33} b5 {(04:08} 18.
cxb5 {(02:42} axb5 {(00:09} 19. Qd3 {(04:19} Qe8 {
(11:09} 20. Na2 {(02:33} e5 {(04:59} 21. Ne2 {(
04:25} d5 {(05:31} 22. Rxc8 {(05:07} Rxc8 {(02:50} 23.
Rc1 {(00:45} Rxc1+ {(13:28} 24. Nexc1 {(04:17} h5 {
(08:41} 25. Nb4 {(07:28} Bf5 {(00:05} 26. Qd2 {(
02:45} d4 {(16:05} 27. exd4 {(04:58} Qd7 {(06:34} 28.
Nbd3 {(03:55} e4 {(00:40} 29. Ne5 {(04:06} Qc7 {
(00:27} 30. Qc3 {(08:06} Qb6 {(00:02} 31. b4 {(
01:11} Nb7 {(00:03} 32. Nb3 {(01:18} Nd5 {(02:06} 33.
Qc6 {(02:02} Qxc6 {(00:03} 34. Nxc6 {(00:07} Nd6 {
(00:01} 35. Nc5 {(02:29} Bh6 {(00:59} 36. Ne5 {(
04:29} f6 {(02:13} 37. g4 {(02:32} fxe5 {(01:35} 38.
gxf5 {(00:09} gxf5 {(00:02} 39. dxe5 {(00:14} Nc4 {
(00:04} 40. Bd4 {(00:00} Nxa3 {(00:00} 41. e6 {(
07:08} Bg7 {(04:46} 42. Nb3 {(09:19} Nc2 {(00:36} 43.
Bc5 {(00:47} Ncxb4 {(00:56} 44. Bf1 {(01:06} Nd3 {
(00:15} 45. Bd6 {(07:37} b4 {(09:13} 46. f3 {(
04:21} Bf8 {(01:57} 47. fxe4 {(00:36} fxe4 {(00:03}
48. Bg3 {(04:18} N5f4 {(00:37} 49. Bxf4 {(01:20} Nxf4 {
(00:04} 50. Kf2 {(00:07} Kg7 {(02:20} 51. Ke3 {(
00:12} Nxe6 {(00:02} 52. Kxe4 {(00:06} Kf6 {(00:02}
53. h4 {(02:15} Be7 {(01:59} 54. Bc4 {(01:01} Nd8 {
(03:27} 55. Nd4 {(02:43} Nb7 {(00:18} 56. Kd5 {(
00:39} Na5 {(06:00} 57. Be2 {(00:09} Kg6 {(00:03} 58.
Bd3+ {(00:18} Kg7 {(00:45} 59. Nf5+ {(01:23} Kf7 {
(00:04} 60. Nxe7 {(00:42} Kxe7 {(00:11} 61. Bg6 {
(00:08} Kf6 {(00:03} 1/2-1/2

[Event "42nd Olympiad Baku 2016 Open"]
[Site "Baku"]
[Date "2016.09.02"]
[Round "1.18"]
[White "Lorparizangeneh, Shahin"]
[Black "Notha, Moakofi"]
[Result "1-0"]
[ECO "D11"]
[WhiteElo "2478"]
[BlackElo "2119"]
[PlyCount "115"]
[EventDate "2016.??.??"]
[EventCountry "AZE"]
[WhiteTeam "Iran"]
[BlackTeam "Botswana"]
[WhiteTeamCountry "IRI"]
[BlackTeamCountry "BOT"]
[TimeControl "40/5400+30:1800+30"]
[WhiteClock "0:59:06"]
[BlackClock "0:05:54"]

1. d4 {(00:00} d5 {(00:00} 2. c4 {(00:00} c6 {(
00:00} 3. Nf3 {(00:14} e6 {(00:00} 4. g3 {(00:40} f5 {
(00:00} 5. Bg2 {(00:07} Nf6 {(00:00} 6. O-O {(
00:09} Bd6 {(00:07} 7. Nc3 {(03:40} Nbd7 {(02:21} 8.
Qc2 {(01:18} Ne4 {(00:52} 9. Rb1 {(00:52} a5 {(
02:41} 10. Nxe4 {(14:37} fxe4 {(01:00} 11. Ng5 {(00:51]
} Nf6 {(03:33} 12. f3 {(01:06} exf3 {(03:37} 13. exf3 {
(09:08} O-O {(06:31} 14. Re1 {(04:49} Re8 {(05:
25} 15. f4 {(00:09} h6 {(05:12} 16. Nf3 {(03:24} b6 {
(05:06} 17. c5 {(03:40} bxc5 {(00:47} 18. dxc5 {
(00:04} Bf8 {(03:45} 19. Be3 {(01:45} Nd7 {(20:
50} 20. Bd4 {(01:43} Qe7 {(03:04} 21. Rbc1 {(08:15}
Qf7 {(03:12} 22. Re3 {(03:21} Rb8 {(10:21} 23. Bf1 {
(00:57} Rb4 {(00:51} 24. Qd2 {(03:53} Nf6 {(14:
04} 25. Ne5 {(01:30} Qc7 {(01:45} 26. a3 {(01:14} Rb7
{(00:51} 27. Bd3 {(00:26} Bd7 {(01:24} 28. Bc2 {
(01:18} Re7 {(01:13} 29. Qd3 {(01:54} Be8 {(01:
22} 30. Ng6 {(01:23} Ne4 {(03:43} 31. Nxe7+ {(00:28}
Qxe7 {(00:09} 32. Rxe4 {(00:53} dxe4 {(00:44} 33. Qxe4
{(00:08} g6 {(00:17} 34. Re1 {(00:27} Rd7 {(01:
25} 35. Bb3 {(00:26} Bf7 {(00:09} 36. Qe5 {(07:03}
Rxd4 {(01:04} 37. Qxd4 {(00:03} Bg7 {(00:23} 38. Qe3 {
(01:03} Kh7 {(00:37} 39. Bxe6 {(01:04} Bxe6 {(
00:04} 40. Qxe6 {(00:00} Qxc5+ {(00:00} 41. Kh1 {(00:
27} Bxb2 {(02:04} 42. Qe7+ {(00:56} Qxe7 {(05:18} 43.
Rxe7+ {(00:03} Kg8 {(00:01} 44. a4 {(00:10} c5 {
(05:18} 45. Kg2 {(01:24} h5 {(05:19} 46. Kf3 {(
00:09} Kf8 {(00:39} 47. Ra7 {(00:10} Bc3 {(00:29} 48.
Ke4 {(00:04} Bb4 {(00:37} 49. Kd5 {(00:05} Kg8 {
(02:57} 50. Rc7 {(00:07} Kf8 {(01:47} 51. h3 {(
00:04} h4 {(01:32} 52. g4 {(00:07} Kg8 {(02:39} 53. f5
{(00:03} gxf5 {(00:28} 54. gxf5 {(00:03} Ba3 {(
03:29} 55. f6 {(00:30} Bb4 {(00:30} 56. Ke6 {(00:30}
Ba3 {(00:30} 57. Rg7+ {(00:30} Kh8 {(00:30} 58. Kf7 {
(00:30} 1-0

[Event "42nd Olympiad Baku 2016 Open"]
[Site "Baku"]
[Date "2016.09.02"]
[Round "1.21"]
[White "Lupulescu, Constantin"]
[Black "Pace, Colin"]
[Result "1-0"]
[ECO "D02"]
[WhiteElo "2618"]
[BlackElo "2172"]
[PlyCount "61"]
[EventDate "2016.??.??"]
[EventCountry "AZE"]
[WhiteTeam "Rumänien"]
[BlackTeam "Malta"]
[WhiteTeamCountry "ROU"]
[BlackTeamCountry "MLT"]
[TimeControl "40/5400+30:1800+30"]
[WhiteClock "0:34:31"]
[BlackClock "0:09:27"]

1. d4 {(00:00} d5 {(00:04} 2. Nf3 {(00:00} Nf6 {
(00:41} 3. c4 {(00:00} e6 {(00:45} 4. g3 {(00:
02} Bb4+ {(00:55} 5. Bd2 {(00:31} Bd6 {(00:19} 6. Nc3
{(00:49} Nbd7 {(05:19} 7. c5 {(02:48} Be7 {(01:
49} 8. Bg2 {(04:38} O-O {(07:54} 9. O-O {(01:10} c6 {
(08:59} 10. b4 {(07:47} Ne4 {(13:10} 11. Nxe4 {(
05:59} dxe4 {(03:29} 12. Ne5 {(00:18} Nxe5 {(06:26}
13. dxe5 {(00:14} Qd4 {(01:00} 14. Qc2 {(00:47} Qxe5 {
(01:20} 15. Bxe4 {(04:47} f5 {(04:19} 16. Bf3 {(
05:27} Bf6 {(08:53} 17. Rab1 {(06:36} Qc7 {(01:46} 18.
e4 {(01:18} Be5 {(01:46} 19. exf5 {(02:36} exf5 {
(00:34} 20. Rfe1 {(00:53} Bd7 {(05:26} 21. Re2 {
(03:45} Rae8 {(03:21} 22. Rbe1 {(01:02} Bf6 {(
07:54} 23. Rxe8 {(06:08} Bxe8 {(01:41} 24. Bf4 {(02:16]
} Qc8 {(02:20} 25. Bd6 {(01:24} Rf7 {(02:01} 26. Qxf5 {
(07:25} Bd7 {(00:07} 27. Qe4 {(00:15} g6 {(01:
24} 28. Bd1 {(01:21} Bf5 {(01:39} 29. Qe8+ {(00:31}
Qxe8 {(00:07} 30. Rxe8+ {(00:05} Kg7 {(00:05} 31. Bb3 {
(00:07} 1-0

[Event "42nd Olympiad Baku 2016 Open"]
[Site "Baku"]
[Date "2016.09.02"]
[Round "1.34"]
[White "Luxama, Jacques Muller"]
[Black "Rodi, Luis Ernesto"]
[Result "0-1"]
[ECO "E26"]
[WhiteElo "2024"]
[BlackElo "2340"]
[PlyCount "24"]
[EventDate "2016.??.??"]
[EventCountry "AZE"]
[WhiteTeam "Haiti"]
[BlackTeam "Uruguay"]
[WhiteTeamCountry "HAI"]
[BlackTeamCountry "URU"]
[TimeControl "40/5400+30:1800+30"]
[WhiteClock "1:27:57"]
[BlackClock "1:26:11"]

1. d4 {(00:12} Nf6 {(00:00} 2. c4 {(00:31} e6 {(
00:00} 3. Nc3 {(00:30} Bb4 {(00:22} 4. a3 {(01:10}
Bxc3+ {(00:49} 5. bxc3 {(00:10} c5 {(00:20} 6. e3 {
(01:41} O-O {(00:40} 7. Nf3 {(00:22} d6 {(01:01]
} 8. Qc2 {(00:35} Nc6 {(00:26} 9. Be2 {(00:32} e5 {
(00:17} 10. d5 {(01:31} Ne7 {(02:22} 11. e4 {(
00:19} Ng6 {(00:30} 12. O-O Qe7 {(03:02} 0-1

[Event "42nd Olympiad Baku 2016 Open"]
[Site "Baku"]
[Date "2016.09.02"]
[Round "1.5"]
[White "Machin Rivera, Mark"]
[Black "Zhigalko, Sergei"]
[Result "0-1"]
[ECO "A20"]
[WhiteElo "2339"]
[BlackElo "2652"]
[PlyCount "77"]
[EventDate "2016.??.??"]
[EventCountry "AZE"]
[WhiteTeam "Puerto Rico"]
[BlackTeam "Weißrussland"]
[WhiteTeamCountry "PUR"]
[BlackTeamCountry "BLR"]
[TimeControl "40/5400+30:1800+30"]
[WhiteClock "0:31:25"]
[BlackClock "0:12:10"]

1. c4 {(00:00} e5 {(00:00} 2. g3 {(00:00} Nf6 {(
00:00} 3. Bg2 {(00:00} Nc6 {(00:00} 4. Nc3 {(00:04}
Bc5 {(01:36} 5. e3 {(00:18} O-O {(00:41} 6. Nge2 {
(00:06} a6 {(00:35} 7. O-O {(00:09} d6 {(00:25}
8. b3 {(03:03} Ba7 {(03:53} 9. d4 {(02:53} Re8 {
(02:25} 10. h3 {(03:49} h6 {(04:29} 11. Kh2 {(
08:40} Rb8 {(03:52} 12. Bb2 {(17:11} Bf5 {(04:44} 13.
Nd5 {(10:15} Ne4 {(11:06} 14. Rc1 {(14:47} Bh7 {
(07:02} 15. f3 {(09:52} Nf6 {(01:05} 16. e4 {(
00:42} Nd7 {(05:51} 17. Qd2 {(01:16} a5 {(20:34} 18.
Rcd1 {(08:17} f6 {(11:25} 19. h4 {(03:35} f5 {(
02:35} 20. exf5 {(05:32} Bxf5 {(00:02} 21. Ne3 {(00:57]
} Bh7 {(00:44} 22. d5 {(05:17} Ne7 {(00:37} 23. Nc3 {
(00:33} Nf6 {(00:23} 24. Bh3 {(01:20} Kh8 {(01:
06} 25. Rde1 {(00:45} Rf8 {(00:42} 26. f4 {(00:59}
exf4 {(00:14} 27. Rxf4 {(00:08} Ng6 {(00:09} 28. Rff1 {
(01:54} Ne5 {(00:05} 29. Kh1 {(01:29} Nd3 {(01:
35} 30. Rb1 {(00:00} Nxb2 {(06:20} 31. Rxb2 {(00:00}
Qe8 {(00:04} 32. Nf5 {(01:13} Ne4 {(00:37} 33. Nxe4 {
(00:51} Qxe4+ {(00:02} 34. Bg2 {(00:14} Bxf5 {(
00:23} 35. Bxe4 {(00:48} Bxe4+ {(00:05} 36. Kh2 {(00:
02} Rxf1 {(00:06} 37. g4 {(00:35} Rbf8 {(00:49} 38.
Qxa5 {(00:29} Rh1+ {(00:29} 39. Kg3 {(00:00} 0-1

[Event "42nd Olympiad Baku 2016 Open"]
[Site "Baku"]
[Date "2016.09.02"]
[Round "1.5"]
[White "Mafnas, Peter"]
[Black "Goh, Wei Ming Kevin"]
[Result "0-1"]
[ECO "E33"]
[WhiteElo "2095"]
[BlackElo "2444"]
[PlyCount "84"]
[EventDate "2016.??.??"]
[EventCountry "AZE"]
[WhiteTeam "GUM"]
[BlackTeam "Singapur"]
[BlackTeamCountry "SIN"]
[TimeControl "40/5400+30:1800+30"]
[WhiteClock "1:17:35"]
[BlackClock "1:10:20"]

1. d4 {(00:00} Nf6 {(00:00} 2. c4 {(00:15} Nc6 {
(02:23} 3. Nf3 {(01:06} e6 {(00:05} 4. Nc3 {(00:
41} Bb4 {(00:07} 5. Qc2 {(02:12} d6 {(00:11} 6. e3 {
(00:52} O-O {(01:27} 7. Bd2 {(00:26} e5 {(00:29]
} 8. d5 {(00:55} Ne7 {(00:29} 9. Be2 {(01:20} c6 {
(04:07} 10. e4 {(00:21} Ng6 {(01:24} 11. dxc6 {(
03:24} bxc6 {(00:10} 12. O-O-O {(00:39} Rb8 {(01:18}
13. g3 {(01:02} Qa5 {(04:56} 14. Kb1 {(02:50} h6 {
(04:12} 15. h4 {(03:15} Ng4 {(02:02} 16. Rhf1 {(
03:26} Ne7 {(03:09} 17. Ne1 {(01:01} Qb6 {(12:28} 18.
Nd3 {(07:59} Bxc3 {(00:59} 19. Qxc3 {(00:38} c5 {
(01:02} 20. f3 {(00:47} Nf6 {(00:33} 21. Qc1 {(
02:18} Nc6 {(03:31} 22. g4 {(03:52} Nd4 {(00:25} 23.
Rf2 {(00:37} Ne8 {(02:21} 24. Bc3 {(01:20} Be6 {
(02:17} 25. Bxd4 {(00:43} cxd4 {(00:17} 26. Ka1 {
(01:13} Qa6 {(03:02} 27. Ne1 {(00:57} Nf6 {(00:
52} 28. Bd3 {(00:41} Rfc8 {(00:38} 29. Rc2 {(00:46}
Nd7 {(00:30} 30. Kb1 {(02:42} Nb6 {(03:59} 31. b3 {
(02:23} Nxc4 {(01:03} 32. Bxc4 {(00:52} Bxc4 {(
00:09} 33. Kb2 {(00:25} Be2 {(00:59} 34. Rdd2 {(00:20}
d3 {(00:13} 35. Rc3 {(00:43} Rxc3 {(00:06} 36. Qxc3 {
(00:10} Rc8 {(00:16} 37. Qb4 {(00:22} Qc6 {(00:
12} 38. Ka3 {(01:06} a5 {(04:29} 39. Qc4 {(01:20} Qb7
{(00:15} 40. Qa4 {(00:00} Qb6 {(00:00} 41. Kb2 {
(04:54} Qg1 {(03:26} 42. Qd7 {(02:32} Qc5 {(00:
09} 0-1